 Dungeon Crawl Stone Soup version 0.18-b1-10-g3f7de93 (webtiles) character file.

2818 LORDOFBUTT the Insei (level 9, -14/70 (71) HPs)
             Began as a Demonspawn Monk on Apr 30, 2016.
             Was a Believer of Ashenzari.
             Demolished by an orc warrior
             ... wielding a +0 scimitar
              (18 damage)
             ... on level 8 of the Dungeon.
             The game lasted 00:09:04 (5025 turns).

LORDOFBUTT the Insei (Demonspawn Monk)              Turns: 5025, Time: 00:09:04

HP:   -14/70 (71)   AC:  7    Str: 11    XL:     9   Next: 44%
MP:   9/9           EV: 17    Int: 11    God:    Ashenzari [**....]
Gold: 376           SH:  0    Dex: 20    Spells: 0 memorised, 8 levels left

rFire  . . .     SeeInvis .       - Unarmed
rCold  . . .     Gourm    .     d - +2 leather armour {rPois}
rNeg   + . .     Faith    .     (no shield)
rPois  +         Spirit   .     (no helmet)
rElec  .         Dismiss  .     (no cloak)
rCorr  .         Reflect  .     B - +0 pair of gloves
SustAt .         Harm     .     (no boots)
MR     .....                    (no amulet)
Stlth  ++++......               j - ring of poison resistance
                                u - ring of positive energy (curse)

@: drained, not resistant to hostile enchantments, stealthy
A: claws 1, rugged brown scales 1, spiny 2
a: Curse Item, Scrying, Renounce Religion


You were on level 8 of the Dungeon.
You worshipped Ashenzari.
Ashenzari was pleased with you.
You were not hungry.

You visited 2 branches of the dungeon, and saw 9 of its levels.

You collected 376 gold pieces.

Inventory:

Armour
 a - a +2 robe
 d - a +2 leather armour of poison resistance (worn)
 B - a +0 pair of gloves (worn)
Jewellery
 j - a ring of poison resistance (right hand)
 q - an uncursed amulet of regeneration
 u - a cursed ring of positive energy (left hand)
 F - an uncursed ring of fire
Scrolls
 f - 2 scrolls of teleportation
 g - 2 scrolls of fog {unknown}
 o - 4 scrolls of magic mapping
 p - a scroll of recharging
 x - a scroll of enchant weapon
 y - a scroll of summoning {unknown}
 A - 2 scrolls of random uselessness {unknown}
 D - a scroll of identify
Potions
 c - 7 potions of curing {unknown}
 e - a potion of heal wounds
 h - 3 potions of cancellation
 i - a potion of lignification {unknown}
 r - 2 potions of ambrosia {unknown}
 s - a potion of magic {unknown}
 v - a potion of berserk rage {unknown}
 w - 3 potions of invisibility {unknown}
 z - a potion of haste {unknown}
 C - a potion of mutation {unknown}
 G - a potion of cure mutation {unknown}
Books
 m - a book of Unlife

   Spells                             Type                      Level
   a - Recall                         Summoning/Translocation      3
   b - Animate Dead                   Necromancy                   4
   c - Control Undead                 Necromancy                   4
   d - Cigotuvi's Embrace             Necromancy                   5
   e - Death Channel                  Necromancy                   6
   f - Simulacrum                     Ice/Necromancy               6
 t - a book of Battle

   Spells                             Type                      Level
   a - Infusion                       Charms                       1
   b - Shroud of Golubria             Charms/Translocation         2
   c - Song of Slaying                Charms                       2
   d - Spectral Weapon                Hexes/Charms                 3
   e - Regeneration                   Charms/Necromancy            3
 E - the Collected Works on the Entourage and Poisoning
   (You found it on level 7 of the Dungeon)

   Spells                             Type                      Level
   a - Sting                          Conjuration/Poison           1
   b - Summon Small Mammal            Summoning                    1
   c - Summon Mana Viper              Hexes/Summoning              5
Comestibles
 b - 5 bread rations
 k - 10 beef jerkies
 l - a royal jelly


   Skills:
 * Level 5.8(5.6) Fighting
 + Level 1.7(1.5) Armour
 * Level 7.0(6.8) Dodging
 * Level 7.0(6.8) Stealth
 * Level 7.1(6.9) Unarmed Combat


You had 8 spell levels left.
You didn't know any spells.

Dungeon Overview and Level Annotations

Branches:
Dungeon (8/15)             Temple (1/1) D:4
   Lair: D:8-11

Altars:
Ashenzari
Cheibriados
Dithmenos
Elyvilon
Fedhas
Gozag
Kikubaaqudgha
Makhleb
Nemelex Xobeh
Okawaru
Pakellas
Qazlal
Ru
Sif Muna
Trog
Xom
Yredelemnul
Zin
The Shining One

Shops:
D:4 [   D:7 }


Innate Abilities, Weirdness & Mutations

You have sharp fingernails.
You are partially covered in rugged brown scales (AC +1, +3% HP).
You are mostly covered in sharp spines.


Message History

You are too injured to fight recklessly!
You are too injured to fight recklessly!
You are too injured to fight recklessly!
You are too injured to fight recklessly!
You are too injured to fight recklessly!
You hit the orc warrior.
The orc warrior is heavily wounded.
The orc warrior misses you.
You hit the orc warrior but do no damage.
The orc warrior is heavily wounded.
The orc warrior is struck by your spines.
The orc warrior hits you with a scimitar!
* * * LOW HITPOINT WARNING * * *
You hit the orc warrior but do no damage.
The orc warrior is almost dead.
You hit the orc warrior but do no damage.
You punch the orc warrior.
The orc warrior is almost dead.
The orc warrior hits you with a scimitar!!
You die...

, ####..... * ,,, *
#....#### #, ,* ,#
##.#### # #. ** *.# #..#
# #. ###.# #.## # #..
#..$###.# # *
####..###.#*#...# #
......))..###.### ##..
......o@((##(.#####.....
......†)..?.....)..<....
..<.........(..)).......
,
..........)#######.###..
...........# *,,.#
...........# ## * *
.........?.# *
..?......[## *, ......#
,, *


You could see an orc warrior.

Vanquished Creatures
  Prince Ribbit (D:5)
  Eustachio (D:5)
  3 hungry ghosts
  A sky beast (D:7)
  2 phantoms (D:7)
  A centaur (D:6)
  A necrophage (D:7)
  3 ogres
  3 giant frogs (D:7)
  A water moccasin skeleton (D:5)
  2 wyvern skeletons
  2 scorpions
  4 killer bees (D:8)
  5 wights (D:8)
  A crimson imp (D:5)
  A hound (D:4)
  Ijyb (D:2)
  A gnoll shaman (D:8)
  2 iguanas
  4 worker ants
  A killer bee zombie (D:5)
  7 gnolls
  A howler monkey skeleton (D:8)
  8 adders
  3 oozes
  An adder skeleton (D:4)
  2 worms (D:3)
  A dart slug (D:1)
  2 giant geckos (D:1)
  7 orcs
  3 ball pythons
  3 bats
  4 giant cockroaches
  6 goblins
  7 hobgoblins
  12 jackals
  9 kobolds
  5 quokkas
  2 giant newts
  2 quokka skeletons
  4 rats
130 creatures vanquished.

Notes
Turn   | Place    | Note
--------------------------------------------------------------
     0 | D:1      | LORDOFBUTT the Demonspawn Monk began the quest for the Orb.
     0 | D:1      | Reached XP level 1. HP: 18/18 MP: 1/1
     6 | D:1      | Noticed an anaconda
     6 | D:1      | Noticed a swamp worm
     6 | D:1      | Noticed a komodo dragon
     6 | D:1      | Noticed a hound
    98 | D:1      | Gained mutation: You are partially covered in sharp spines. [demonic ancestry]
    98 | D:1      | Reached XP level 2. HP: 24/24 MP: 2/2
   290 | D:1      | Gained mutation: You are mostly covered in sharp spines. [demonic ancestry]
   290 | D:1      | Reached XP level 3. HP: 24/29 MP: 3/3
   827 | D:2      | Found a sacrificial altar of Ru.
  1023 | D:2      | Reached XP level 4. HP: 26/35 MP: 4/4
  1107 | D:2      | Noticed Ijyb
  1124 | D:2      | Killed Ijyb
  1741 | D:3      | Found a burning altar of Makhleb.
  2054 | D:3      | Reached XP level 5. HP: 41/41 MP: 5/5
  2428 | D:4      | Found a shadowy altar of Dithmenos.
  2477 | D:4      | Found an iron altar of Okawaru.
  2570 | D:4      | Found an opulent altar of Gozag.
  2570 | D:4      | Found a basalt altar of Yredelemnul.
  2742 | D:4      | Found a staircase to the Ecumenical Temple.
  2759 | D:4      | Found Ofurag's Armour Emporium.
  2890 | D:5      | Entered Level 5 of the Dungeon
  2890 | D:5      | Noticed an ogre
  2910 | Temple   | Entered the Ecumenical Temple
  2996 | Temple   | Became a worshipper of Ashenzari the Shackled
  2996 | Temple   | Reached * piety under Ashenzari
  2996 | Temple   | Reached ** piety under Ashenzari
  3037 | D:5      | Killed an ogre
  3037 | D:5      | Reached skill level 5 in Unarmed Combat
  3037 | D:5      | Gained mutation: You are partially covered in rugged brown scales (AC +1, +3% HP). [demonic ancestry]
  3037 | D:5      | Reached XP level 6. HP: 22/49 MP: 6/6
  3059 | D:5      | Noticed Eustachio
  3081 | D:5      | Killed Eustachio
  3396 | D:5      | Reached XP level 7. HP: 55/55 MP: 7/7
  3583 | D:5      | Noticed Prince Ribbit
  3599 | D:5      | Killed Prince Ribbit
  3599 | D:5      | Reached skill level 5 in Dodging
  3599 | D:5      | Reached skill level 5 in Stealth
  3615 | D:5      | Found a blossoming altar of Fedhas.
  3714 | D:6      | Reached XP level 8. HP: 41/62 MP: 8/8
  4249 | D:7      | Found Resmon's Gadget Shoppe.
  4274 | D:7      | Reached skill level 5 in Fighting
  4316 | D:7      | Identified the Collected Works on the Entourage and Poisoning (You found it on level 7 of the Dungeon)
  4537 | D:7      | Gained mutation: You have sharp fingernails. [demonic ancestry]
  4537 | D:7      | Reached XP level 9. HP: 70/70 MP: 9/9
  4618 | D:7      | Found a blossoming altar of Fedhas.
  4968 | D:8      | Reached skill level 1 in Armour
  5025 | D:8      | Demolished by an orc warrior

Skill      XL: |  1  2  3  4  5  6  7  8  9 |
---------------+----------------------------+-----
Dodging        | 3 4 5 6 7 |  7.0
Unarmed Combat | 4 5 6 7 |  7.1
Stealth        | 2 3 5 6 7 |  7.0
Fighting       | 4 5 |  5.8
Armour         | 1 |  1.7

Action                   |  1- 3 |  4- 6 |  7- 9 || total
-------------------------+-------+-------+-------++-------
Melee: Unarmed           |    58 |    73 |   153 ||   284
       Punch             |       |     1 |     7 ||     8
Invok: Curse Item        |       |     2 |       ||     2
  Use: Scroll            |       |    13 |     1 ||    14
 Stab: Sleeping          |     1 |    10 |    12 ||    23
       Distracted        |       |       |     1 ||     1
  Eat: Meat ration       |       |     2 |     3 ||     5
       Beef jerky        |       |       |     2 ||     2
Armor: Robe              |     5 |     8 |     8 ||    21
       Leather armour    |       |       |    19 ||    19
Dodge: Dodged            |    30 |    25 |   102 ||   157
